 Dungeon Sprint DCSS version 0.26-a0-663-g36e8fdb655 (webtiles) character file.

Game seed: 14753323348615219501

50 olmar the Covered (level 5, -3/56 HPs)
             Began as a Deep Dwarf Fighter on Oct 12, 2020.
             Was an Initiate of Gozag.
             Slain by a komodo dragon (25 damage)
             ... in the Dungeon (Sprint VI: "Thunderdome").
             The game lasted 00:02:26 (283 turns).

olmar the Covered (Deep Dwarf Fighter)               Turns: 283, Time: 00:02:26

Health: -3/56      AC:  8    Str: 21    XL:     5   Next: 41%
Magic:  5/5        EV:  8    Int:  8    God:    Gozag
Gold:   383        SH: 11    Dex: 12    Spells: 4/4 levels left

rFire    . . .     SeeInvis .   a - +0 war axe
rCold    . . .     Faith    .   c - +0 kite shield
rNeg     . . .     Spirit   .   b - +0 scale mail
rPois    .         Reflect  .   (no helmet)
rElec    .         Harm     .   (no cloak)
rCorr    .         Rampage  .   (no gloves)
MR       .....     NoTele   +   (no boots)
Stlth    ..........             (no amulet)
HPRegen  0.00/turn              (no ring)
MPRegen  0.09/turn              (no ring)

@: non-regenerating
A: damage resistance, heal wounds, sense surroundings 1, no regeneration
a: Heal Wounds, Potion Petition, Call Merchant, Bribe Branch, Renounce Religion


You were in the Dungeon.
You worshipped Gozag.
Gozag was aware of your devotion.
You visited 1 branch You collected 865 gold pieces.
You spent 482 gold pieces at shops.

Inventory:

Hand Weapons
 a - a +0 war axe (weapon)
Armour
 b - a +0 scale mail (worn)
 c - a +0 kite shield (worn)
Wands
 k - a wand of acid (1)
 l - a wand of iceblast (5)
Scrolls
 j - 4 scrolls of blinking
 m - 3 scrolls of fog
 o - 2 scrolls of identify
Potions
 d - a potion of might
 f - 4 potions of heal wounds
 g - 4 potions of haste
 h - 2 potions of magic
 i - a potion of berserk rage
 n - a potion of resistance


   Skills:
 + Level 6.4 Fighting
 + Level 4.0 Axes
 + Level 7.5 Armour
 + Level 0.1 Dodging
 + Level 7.4 Shields
 + Level 1.0 Evocations


You had 4 spell levels left.
You didn't know any spells.
Your spell library was empty.

Dungeon Overview and Level Annotations

Branches:
Dungeon (1/1)

Altars:
Cheibriados
Dithmenos
Fedhas
Gozag
Kikubaaqudgha
Makhleb
Okawaru
Qazlal
Ru
Sif Muna
Trog
Uskayaw
Vehumet
Wu Jian
Xom
Yredelemnul
Zin
The Shining One
Beogh
Jiyva
Lugonu

Shops:
D *[??*?*:[((!!!!


Innate Abilities, Weirdness & Mutations

You are resistant to damage.
You can heal yourself by infusing magical energy.
You passively map a small area around you.
You do not regenerate.


Message History

You slash the komodo dragon!
The komodo dragon is heavily wounded.
The komodo dragon bites you!
* * * LOW HITPOINT WARNING * * *
The komodo dragon bites you but does no damage.
You need at least 400 gold to purchase potions right now!
Firing (i - inventory) No suitable missiles.
Press: ? - help, Shift-Dir - straight line, f/p - komodo dragon
Aim: a komodo dragon (heavily wounded, covered in acid)
Okay, then.
You feel much better. You block the komodo dragon's attack.
Unknown command.
You barely miss the komodo dragon.
The komodo dragon is heavily wounded.
The komodo dragon bites you!!
Ouch! That really hurt!
* * * LOW HITPOINT WARNING * * *
You feel much better. The komodo dragon bites you!!
You die...
Your body crumbles into a pile of gold.

#∩.......∩# #_......._#
#_......._# #_......._#
###.........###
#⌠...........⌠#
#####.8.........8.######
.___......###......___∩#
........8.# #.8.@l.....∩
..........###...........
*
.......###...###........
.......# #.<.# #........
.......###...###........
,
..........###...........,
[.......8.# .8........∩
∩.__......###......__.∩#
#####.8.........8.# *


You could see a komodo dragon (corroded).

Vanquished Creatures
  Sigmund (D)
  3 adders (D)
  A leopard gecko (D)
  4 ball pythons (D)
  A jackal (D)
  A kobold (D)
11 creatures vanquished.

Notes
Turn   | Place    | Note
-------+----------+-------------------------------------------
     0 | D        | olmar the Deep Dwarf Fighter began the quest for the Orb.
     0 | D        | Reached XP level 1. HP: 20/20 MP: 1/1
     1 | D        | Found a viscous altar of Jiyva.
     1 | D        | Found an opulent altar of Gozag.
     2 | D        | Found a sacrificial altar of Ru.
     2 | D        | Found a hide-covered altar of Uskayaw.
     3 | D        | Found a burning altar of Makhleb.
     4 | D        | Found a bloodstained altar of Trog.
     4 | D        | Found a radiant altar of Vehumet.
     4 | D        | Found Ehewnok's Premium Goods.
     4 | D        | Found Ophuejocs's Weapon Rack.
     5 | D        | Found Umidghug's Miscellaneous Merchandise.
     5 | D        | Found Febus's Basic Armour.
     5 | D        | Round 1.
     9 | D        | Became a worshipper of Gozag Ym Sagoz the Greedy
    77 | D        | Noticed Sigmund
    81 | D        | Reached XP level 2. HP: 14/28 MP: 2/2
    83 | D        | Killed Sigmund
    83 | D        | Reached XP level 3. HP: 35/40 MP: 3/3
    83 | D        | Reached XP level 4. HP: 42/48 MP: 4/4
    83 | D        | Reached XP level 5. HP: 49/55 MP: 5/5
   105 | D        | Found Taskaria's Identification Station.
   106 | D        | Found Vetes's Advanced Armour.
   106 | D        | Found Baclinuv's Jewellery.
   107 | D        | Found an ornate altar of the Wu Jian Council.
   107 | D        | Found a glowing golden altar of the Shining One.
   107 | D        | Found a shadowy altar of Dithmenos.
   121 | D        | Bought a pair of slimy gloves for 332 gold pieces
   122 | D        | Bought 3 scrolls of identify for 150 gold pieces
   122 | D        | Identified the -7 pair of gloves of Activism {rElec} (You
                  | bought it in a shop in the Dungeon)
   131 | D        | Arena points: 14 (+14) [x2]
   194 | D        | Round 2.
   217 | D        | Found a glowing silver altar of Zin.
   224 | D        | Arena points: 50 (+36) [x3]
   224 | D        | Reached skill level 1 in Evocations
   225 | D        | Found a snail-covered altar of Cheibriados.
   266 | D        | Round 3.
   267 | D        | Found a shimmering blue altar of Sif Muna.
   269 | D        | Found Vewis's Magic Scroll Shop.
   270 | D        | Found a basalt altar of Yredelemnul.
   270 | D        | Found a shimmering altar of Xom.
   270 | D        | Found a stormy altar of Qazlal.
   270 | D        | Found Giehock's Staff Store.
   270 | D        | Found Tuasus's Magic Scroll Shop.
   270 | D        | Found Veduatyrgh's Must-Have Magic.
   274 | D        | Found a roughly hewn altar of Beogh.
   274 | D        | Noticed a komodo dragon
   275 | D        | Found an iron altar of Okawaru.
   276 | D        | Found an ancient bone altar of Kikubaaqudgha.
   277 | D        | Found Ediex's Distillery.
   277 | D        | Found a corrupted altar of Lugonu.
   277 | D        | Found a blossoming altar of Fedhas.
   277 | D        | Found Founypp's Do-It-Yourself Clinic.
   278 | D        | Found Quampa Hugeo's Distillery.
   278 | D        | Found Soeco's Bottled Wisdom.
   282 | D        | HP: 2/56 [komodo dragon (28)]
   283 | D        | Slain by a komodo dragon

Illustrated notes

Levels and vault maps discovered:
D:        arena_sprint

Skill      XL: |  1  2  3  4  5 |
---------------+----------------+-----
Fighting       | 3 6 |  6.4
Armour         | 4 7 |  7.5
Shields        | 4 7 |  7.4
Axes           | 3 4 |  4.0
Evocations     | 1 |  1.0
Dodging        | |  0.1

Action                   |  1- 3 |  4- 6 || total
-------------------------+-------+-------++-------
Melee: War axe           |     3 |    20 ||    23
 Abil: Heal Wounds       |       |     2 ||     2
Evoke: Wand              |     2 |     2 ||     4
  Use: Potion            |     1 |       ||     1
       Scroll            |       |     1 ||     1
Armor: Scale mail        |     2 |    10 ||    12
Dodge: Dodged            |     3 |    13 ||    16
Block: Kite shield       |     2 |     9 ||    11

Table legend: (Time is in decaauts)
 A = Elapsed time spent in this place.
 B = Non-inter-level travel time spent in this place.
 C = Inter-level travel time spent in this place.
 D = Time resting spent in this place.
 E = Time spent auto-exploring this place.
 F = Levels seen in this place.
 G = Mean time per level.
                   A        B        C        D        E       F      G
               +--------+--------+--------+--------+--------+-----+--------+
         Total |    291 |    291 |      0 |    156 |      0 |   1 |  291.0 |
       Dungeon |    291 |    291 |      0 |    156 |      0 |   1 |  291.0 |
               +--------+--------+--------+--------+--------+-----+--------+

Top non-repeatable levels by time:
       D: 291 daAuts
